 Dungeon Crawl Stone Soup version 0.17-a0-1403-g9df874c (webtiles) character file.

2791 Phipi42 the Cleaver (level 9, -1/81 HPs)
             Began as a Minotaur Berserker on June 20, 2015.
             Was an Elder of Trog.
             Slain by a water moccasin (8 damage)
             ... on level 1 of the Lair of Beasts.
             The game lasted 01:17:11 (8263 turns).

Phipi42 the Cleaver (Minotaur Berserker)            Turns: 8263, Time: 01:17:11

Health: -1/81      AC: 17    Str: 26    XL:     9   Next: 43%
Magic:  8/8        EV: 10    Int:  4    God:    Trog [****..]
Gold:   307        SH:  0    Dex:  9    Spells: 0 memorised, 8 levels left

rFire  . . .     SeeInvis +     L - +1 battleaxe (freeze)
rCold  . . .     Clarity  .     A - +0 scale mail
rNeg   . . .     SustAt   .     (no shield)
rPois  .         Gourm    .     (helmet restricted)
rElec  .         Spirit   .     i - +1 cloak
rCorr  .         Warding  .     Q - +0 pair of gloves (curse)
rMut   .         Stasis   .     f - +0 pair of boots
MR     .....                    G - amulet of faith
Stlth  ..........               o - +5 ring of protection
                                w - ring of see invisible

@: lethally poisoned (-1 -> -4), heavily drained, not resistant to hostile
enchantments, extremely unstealthy
A: retaliatory headbutt, horns 2
a: Burn Spellbooks, Berserk, Trog's Hand, Brothers in Arms, Renounce Religion


You were on level 1 of the Lair of Beasts.
You worshipped Trog.
Trog was greatly pleased with you.
You were not hungry.

You visited 3 branches of the dungeon, and saw 10 of its levels.

You collected 307 gold pieces.

Inventory:

Hand weapons
 a - a +1 hand axe
 c - a +0 short sword
 t - a +0 war axe
 y - a +1 hand axe of chopping
 F - a +0 blowgun
 H - a +2 vampiric dagger
 I - a +3 dagger of holy wrath
 L - a +1 battleaxe of freezing (weapon)
 M - a +2 spear
Missiles
 d - 41 bolts
 q - 6 poisoned javelins (quivered)
 u - 4 tomahawks
 z - 95 arrows
 B - 26 poisoned needles
Armour
 b - a +0 animal skin
 f - a +0 pair of boots (worn)
 g - a +0 ring mail
 i - a +1 cloak (worn)
 p - a +0 buckler
 A - a +0 scale mail (worn)
 E - a +0 large shield
 J - a +2 hat
 Q - a cursed +0 pair of gloves (worn)
Jewellery
 o - a +5 ring of protection (right hand)
 w - a ring of see invisible (left hand)
 G - an amulet of faith (around neck)
Magical devices
 D - a wand of cold (5)
 N - a wand of lightning (7)
Scrolls
 j - 2 scrolls of teleportation
 v - 7 scrolls of remove curse
 O - a scroll of random uselessness
 P - 2 scrolls of enchant armour
Potions
 e - a potion of lignification {unknown}
 h - 3 potions of flight
 k - a potion of resistance {unknown}
 m - a potion of agility
 n - a potion of curing
 r - 2 potions of brilliance {unknown}
 C - a potion of heal wounds
Comestibles
 l - 2 slices of pizza
 s - 10 bread rations
 x - 4 fruits
 K - 8 beef jerkies


   Skills:
 + Level 7.8(6.3) Fighting
 * Level 11.7(10.0) Axes
 + Level 8.2(6.7) Armour
 - Level 2.7(1.4) Dodging


You had 8 spell levels left.
You didn't know any spells.

Dungeon Overview and Level Annotations

Branches:
Dungeon (8/15)             Temple (1/1) D:7            Lair (1/8) D:8

Altars:
Ashenzari
Cheibriados
Dithmenos
Elyvilon
Fedhas
Gozag
Kikubaaqudgha
Makhleb
Nemelex Xobeh
Okawaru
Qazlal
Ru
Sif Muna
Trog
Vehumet
Xom
Yredelemnul
Zin
The Shining One


Innate Abilities, Weirdness & Mutations

You reflexively headbutt those who attack you in melee.
You have a pair of horns on your head.


Message History

The komodo dragon barely misses you. You furiously retaliate!
You headbutt the komodo dragon, but do no damage.
The komodo dragon barely misses you. You furiously retaliate!
You headbutt the komodo dragon, but do no damage.
A yak comes into view.
The yak bellows!
The water moccasin bites you but does no damage.
The water moccasin closely misses you. The water moccasin closely misses you.
The river rat bites the fungus.
The hippogriff closely misses you. The hippogriff barely misses you.
The hippogriff closely misses you.
The river rat bites the fungus!
The water moccasin bites you.
* * * LOW HITPOINT WARNING * * *
You are poisoned.
The water moccasin poisons you!
You feel sick.
The river rat bites the fungus.
You feel sick.
A crocodile comes into view.
The water moccasin bites you!
You die...

..........................
..................<..#
....#'#..#.######....#
....#...........#....#
....#...........#....#
.....................##.
....P######'###.........
.............r..........
..#.###.#r.HlD.S@.......
..'....r...r####........
........P...# ###......
..'...Yr#Y###%. ......
..#.....#b# .%. .....
..#.....#.##P≈≈ .....
..#.##..PY≈≈..≈ t...
............≈.≈ ....
...........≈≈.#


You could see a four-headed hydra, a komodo dragon, a hippogriff, a water
moccasin, a crocodile, a hell rat, a river rat and a rat.

Vanquished Creatures
  A water moccasin (D:5)
  An orc warrior (D:6)
  A black bear (D:6)
  The ghost of Kisielow the Chopper, an average HOFi (D:3)
  2 necrophages
  A phantom (D:5)
  2 ogres (D:7)
  4 centaurs
  A big kobold (D:6)
  2 giant frogs
  2 scorpions
  7 wights
  2 centaur zombies (D:6)
  2 crimson imps (D:5)
  5 orc priests
  2 jellies
  A wasp zombie (D:5)
  Ijyb (D:2)
  2 hounds
  A giant frog skeleton (D:5)
  3 iguanas
  4 orc wizards
  A hell rat (Lair:1)
  A hound zombie (D:5)
  4 adders
  2 river rats (Lair:1)
  3 shadow imps
  2 adder zombies
  3 worms
  2 giant geckos
  20 orcs
  2 ball pythons
  9 bats
  A bat zombie (D:6)
  6 giant cockroaches
  16 goblins
  12 hobgoblins
  3 quokkas
  A giant cockroach zombie (D:6)
  5 giant newts
  4 jackals
  23 kobolds
  10 rats
  3 plants
181 creatures vanquished.

Vanquished Creatures (collateral kills)
  A komodo dragon (D:8)
1 creature vanquished.

Vanquished Creatures (others)
  2 plants (D:8)
2 creatures vanquished.

Grand Total: 184 creatures vanquished

Notes
Turn   | Place    | Note
--------------------------------------------------------------
     0 | D:1      | Phipi42 the Minotaur Berserker began the quest for the Orb.
     0 | D:1      | Reached XP level 1. HP: 19/19 MP: 0/0
   100 | D:1      | Noticed an ogre
   100 | D:1      | Noticed an ogre
   106 | D:1      | Noticed an ogre
   107 | D:1      | Noticed an ogre
   333 | D:1      | Reached skill level 4 in Axes
   369 | D:1      | Reached XP level 2. HP: 25/27 MP: 1/1
  1320 | D:2      | Reached XP level 3. HP: 33/33 MP: 2/2
  1435 | D:2      | Found a radiant altar of Vehumet.
  1571 | D:2      | Acquired Trog's second power
  1627 | D:2      | Noticed Ijyb
  1638 | D:2      | Killed Ijyb
  1638 | D:2      | Reached skill level 5 in Axes
  1638 | D:2      | Reached XP level 4. HP: 35/40 MP: 3/3
  1693 | D:2      | Found a white marble altar of Elyvilon.
  2140 | D:3      | Noticed Kisielow's ghost (average HOFi)
  2157 | D:3      | Killed Kisielow's ghost
  2157 | D:3      | Reached XP level 5. HP: 36/47 MP: 4/4
  2159 | D:3      | Reached skill level 6 in Axes
  2816 | D:3      | You fall through a shaft for 2 floors!
  2816 | D:5      | Entered Level 5 of the Dungeon
  2860 | D:5      | Reached XP level 6. HP: 42/53 MP: 5/5
  3874 | D:5      | Reached skill level 5 in Armour
  3875 | D:5      | Reached skill level 5 in Fighting
  3875 | D:5      | Reached skill level 7 in Axes
  3885 | D:5      | Found a shattered altar of Ashenzari.
  3898 | D:5      | Noticed a necrophage
  3911 | D:5      | Killed a necrophage
  3911 | D:5      | Reached XP level 7. HP: 44/61 MP: 6/6
  4004 | D:5      | Noticed a water moccasin
  4014 | D:5      | Killed a water moccasin
  4014 | D:5      | Reached skill level 8 in Axes
  4023 | D:5      | Noticed a phantom
  4067 | D:5      | HP: 3/62 [phantom (7)]
  4081 | D:5      | Killed a phantom
  4081 | D:5      | Reached XP level 8. HP: 38/70 MP: 7/7
  5107 | D:6      | Reached skill level 9 in Axes
  5611 | D:6      | Reached skill level 10 in Axes
  6062 | D:6      | Found a shimmering altar of Xom.
  6401 | D:7      | Found a staircase to the Ecumenical Temple.
  6424 | Temple   | Entered the Ecumenical Temple
  6649 | D:7      | Acquired Trog's third power
  6654 | D:7      | Reached XP level 9. HP: 10/79 MP: 8/8
  7017 | D:7      | Found a shadowy altar of Dithmenos.
  7019 | D:7      | Found a bloodstained altar of Trog.
  7210 | D:7      | Reached skill level 11 in Axes
  7931 | D:8      | Found an opulent altar of Gozag.
  8002 | D:8      | Found a staircase to the Lair.
  8003 | D:8      | Noticed a komodo dragon
  8020 | D:8      | Killed a komodo dragon
  8029 | Lair:1   | Entered Level 1 of the Lair of Beasts
  8234 | Lair:1   | Noticed a four-headed hydra
  8239 | Lair:1   | Noticed a komodo dragon
  8263 | Lair:1   | Slain by a water moccasin

Vault maps used:
D:1:      erik_arrival_cave_to_civilisation
D:2:      kennysheep_the_goblin_king, nicolae_overflow_crystal_walls,
          old_standard_altar
D:3:      first_bread
D:5:      lemuel_doored_altar
D:6:      overflow_temple_1_default
D:7:      nicolae_overflow_hidden_temple, minmay_temple_entry_junction2,
          grunt_ogre_cave, minmay_holes
D:8:      lemuel_insect_pit, grunt_gozag_statues, david_lair_shrubbed,
          kennysheep_boxes, uniq_psyche
Temple:   zaba_magenta_temple_12
Lair:1:   kennysheep_rathole, grunt_megastairs_3, lemuel_fruit_tree,
          lemuel_fruit_fields

Action                   |  1- 3 |  4- 6 |  7- 9 || total
-------------------------+-------+-------+-------++-------
Melee: Hand axe          |    63 |   143 |    47 ||   253
       War axe           |       |       |   122 ||   122
       Battleaxe         |       |       |    49 ||    49
Invok: Berserk           |       |     1 |     1 ||     2
       Trog's Hand       |       |       |     1 ||     1
       Brothers in Arms  |       |       |     1 ||     1
  Use: Scroll            |     2 |     9 |     6 ||    17
       Potion            |       |     1 |     4 ||     5
  Eat: Bread ration      |     1 |       |       ||     1
       Meat ration       |       |     1 |     2 ||     3
       Pizza             |       |     1 |     1 ||     2
       Beef jerky        |       |       |     2 ||     2
